 Dungeon Sprint DCSS version 0.23.1-37-gaa34b87 (webtiles) character file.

Game seed: 4747691477379722327

0 nuthulu the Shield-Bearer (level 1, -1/18 HPs)
             Began as a Formicid Fighter on Mar 20, 2019.
             Slain by a scorpion (7 damage)
             ... in the Dungeon (Sprint VI: "Thunderdome").
             The game lasted 00:00:28 (23 turns).

nuthulu the Shield-Bearer (Formicid Fighter)          Turns: 23, Time: 00:00:29

Health: -1/18      AC:  6    Str: 20    XL:     1   Next: 22%
Magic:  1/1        EV:  7    Int:  7    God:
Gold:   65         SH:  9    Dex: 10    Spells: 0/0 levels left

rFire    . . .     SeeInvis +   a - +0 war axe
rCold    . . .     Gourm    .   c - +0 shield
rNeg     + . .     Faith    .   b - +0 scale mail
rPois    .         Spirit   .   (helmet unavailable)
rElec    +         Reflect  .   (no cloak)
rCorr    .         Harm     .   (no gloves)
MR       .....                  (no boots)
Stlth    ..........             (no amulet)
HPRegen  0.06/turn              (no ring)
MPRegen  0.07/turn              r - ring "Extan" {*Drain +Blink rElec rN+ Stlth-}

@: no status effects
A: permanent stasis, dig shafts and tunnels, four strong arms, antennae 3
a: Dig


You were in the Dungeon.
You were not hungry.

You visited 1 branch You collected 200 gold pieces.
You spent 135 gold pieces at shops.

Inventory:

Hand Weapons
 a - a +0 war axe (weapon)
Armour
 b - a +0 scale mail (worn)
 c - a +0 shield (worn)
Jewellery
 r - the ring "Extan" (right hand) {*Drain +Blink rElec rN+ Stlth-}
   (You bought it in a shop in the Dungeon)

   [ring of attention]

   It insulates you from electricity.
   It protects you from negative energy.
   It lets you blink.
   It causes draining when unequipped.
   It makes you less stealthy.
Wands
 l - a wand of acid (5)
 m - a wand of iceblast (5)
Scrolls
 k - 4 scrolls of blinking
 n - 3 scrolls of fog
Potions
 d - a potion of might
 e - a potion of curing
 g - 4 potions of heal wounds
 h - 4 potions of haste
 i - 2 potions of magic
 j - a potion of berserk rage
 o - a potion of resistance
Comestibles
 f - a ration


   Skills:
 * Level 3.6 Fighting
 * Level 2.3 Axes
 + Level 3.4 Armour
 + Level 3.7 Shields


You couldn't memorise any spells.
You didn't know any spells.
Your spell library was empty.

Dungeon Overview and Level Annotations

Branches:
Dungeon (1/1)

Altars:
Cheibriados
Uskayaw
Xom
Yredelemnul
Beogh
Jiyva

Shops:
D *[%?


Innate Abilities, Weirdness & Mutations

You cannot be hasted, slowed, berserked, paralysed or teleported.
You can dig through walls and to a lower floor.
Your four strong arms can wield two-handed weapons with a shield.
You have a pair of large antennae on your head. (SInv)


Message History

You feel more attuned to ice.
q - the ring "Hurudapp" (left hand) {Ice rPois rN+}
r - the ring "Extan" (right hand) {*Drain +Blink rElec rN+ Stlth-} The giant cockroach bites you.
You block the scorpion's attack.
You remove the ring "Hurudapp" {Ice rPois rN+}.
You block the giant cockroach's attack.
You drop the ring "Hurudapp" {Ice rPois rN+}.
The scorpion misses you. You block the giant cockroach's attack.
You hit the scorpion but do no damage.
You hit the giant cockroach but do no damage.
The scorpion stings you! The giant cockroach bites you.
The scorpion stings you but does no damage.
The giant cockroach bites you but does no damage.
You closely miss the scorpion. You slash the giant cockroach!
You kill the giant cockroach!
The scorpion stings you.
You slash the scorpion!
The scorpion is heavily wounded.
The scorpion stings you!
You die...

###.... . #⌠...... .
######.8..... ..
##∩__.......# ..
###@........8.# .8.
##...s.........###..
#⌠..........# #...#
#⌠..........# #.<.#
#⌠..........###...#
##.............###...
###∩........8.# .8.
##∩___......# ..
######.8...... ..


You could see a scorpion.

Vanquished Creatures
  A giant cockroach (D)
1 creature vanquished.

Notes
Turn   | Place    | Note
-------+----------+-------------------------------------------
     0 | D        | nuthulu the Formicid Fighter began the quest for the Orb.
     0 | D        | Reached XP level 1. HP: 18/18 MP: 1/1
     1 | D        | Found a shimmering altar of Xom.
     1 | D        | Found a snail-covered altar of Cheibriados.
     2 | D        | Found a hide-covered altar of Uskayaw.
     3 | D        | Found a viscous altar of Jiyva.
     3 | D        | Found a basalt altar of Yredelemnul.
     4 | D        | Found Yfawil's Identification Station.
     4 | D        | Found a roughly hewn altar of Beogh.
     4 | D        | Found Etocsaph's Delicious Food.
     5 | D        | Found Qylia's Advanced Armour.
     5 | D        | Found Sipaiv's Jewellery.
     5 | D        | Round 1.
     7 | D        | Noticed a scorpion
    14 | D        | Bought an ancient bone amulet for 45 gold pieces
    14 | D        | Bought a twitching turquoise ring for 45 gold pieces
    14 | D        | Bought a pitted amber ring for 45 gold pieces
    14 | D        | Identified the amulet "Zorezedi" {Inacc +Inv rC- MR- Str+4}
                  | (You bought it in a shop in the Dungeon)
    17 | D        | Identified the ring "Hurudapp" {Ice rPois rN+} (You bought
                  | it in a shop in the Dungeon)
    18 | D        | Identified the ring "Extan" {*Drain +Blink rElec rN+
                  | Stlth-} (You bought it in a shop in the Dungeon)
    23 | D        | Slain by a scorpion

Action                   || total
-------------------------++-------
Melee: War axe           ||     3
Armor: Scale mail        ||     5
Dodge: Dodged            ||     2
Block: Shield            ||     5
